 Dungeon Crawl Stone Soup version 0.19.1 (webtiles) character file.

3303 Krapule the Protected (level 9, 0/82 HPs)
             Began as a Minotaur Fighter on Dec 22, 2016.
             Was a Follower of Cheibriados.
             Slain by a vampire (7 damage)
             ... on level 8 of the Dungeon.
             The game lasted 00:20:47 (6502 turns).

Krapule the Protected (Minotaur Fighter)            Turns: 6502, Time: 00:20:48

Health: 0/82       AC: 18    Str: 26    XL:     9   Next: 70%
Magic:  5/10       EV: 14    Int:  7    God:    Cheibriados [*.....]
Gold:   318        SH: 12    Dex: 12    Spells: 0 memorised, 8 levels left

rFire  + . .     SeeInvis .     G - +0 whip (freeze)
rCold  . . .     Gourm    .     H - +2 plate armour {rF+}
rNeg   . . .     Faith    .     c - +0 shield
rPois  .         Spirit   .     (helmet restricted)
rElec  .         Reflect  .     (no cloak)
rCorr  .         Harm     .     b - +0 pair of gloves
MR     .....     Rnd*Tele +     J - +0 pair of boots (curse)
Stlth  ..........               (no amulet)
                                z - +5 ring of evasion
                                i - ring of teleportation (curse)

@: very slow
A: retaliatory headbutt, horns 2
a: Bend Time, Renounce Religion


You were on level 8 of the Dungeon.
You worshipped Cheibriados.
Cheibriados was aware of your devotion.
You were not hungry.

You visited 2 branches of the dungeon, and saw 9 of its levels.

You collected 318 gold pieces.

Inventory:

Hand Weapons
 G - a +0 whip of freezing (weapon)
Armour
 b - a +0 pair of gloves (worn)
 c - a +0 shield (worn)
 H - a +2 plate armour of fire resistance (worn)
 J - a cursed +0 pair of boots (worn)
Jewellery
 i - a cursed ring of teleportation (left hand)
 l - an uncursed ring of poison resistance
 t - a +3 ring of dexterity
 y - an uncursed ring of protection from cold
 z - a +5 ring of evasion (right hand)
 K - a +2 ring of dexterity
 L - an uncursed ring of flight
Wands
 B - a wand of slowing (14/48)
 D - a wand of flame (23/48)
 F - a wand of iceblast (4/15)
 I - a wand of digging (18/24)
Scrolls
 h - 4 scrolls of amnesia
 m - 2 scrolls of enchant armour
 n - 2 scrolls of blinking {unknown}
 o - 4 scrolls of remove curse {unknown}
 p - 3 scrolls of random uselessness {unknown}
 r - 3 scrolls of recharging {unknown}
 s - 2 scrolls of teleportation {unknown}
 v - 3 scrolls of magic mapping {unknown}
 w - a scroll of fear {unknown}
 C - 2 scrolls of noise {unknown}
Potions
 d - 2 potions of might
 e - 2 potions of flight
 j - a potion of brilliance
 k - 4 potions of curing
 q - a potion of lignification {unknown}
 x - 2 potions of ambrosia
Books
 A - a book of Callings

   Spells                             Type                      Level
   a - Summon Small Mammal            Summoning                    1
   b - Call Imp                       Summoning                    2
   c - Call Canine Familiar           Summoning                    3
   d - Summon Guardian Golem          Hexes/Summoning              3
   e - Summon Lightning Spire         Summoning/Air                4
   f - Summon Ice Beast               Ice/Summoning                4
Comestibles
 a - 8 fruits
 f - 4 bread rations
 g - 2 beef jerkies
 u - 3 slices of pizza
 E - 4 meat rations


   Skills:
 + Level 8.4 Fighting
 - Level 5.0 Maces & Flails
 + Level 8.9 Armour
 + Level 6.7 Dodging
 + Level 8.5 Shields
 + Level 2.8 Invocations


You had 8 spell levels left.
You didn't know any spells.

Dungeon Overview and Level Annotations

Branches:
Dungeon (8/15)             Temple (1/1) D:7
   Lair: D:8-11

Altars:
Ashenzari
Cheibriados
Dithmenos
Elyvilon
Fedhas
Gozag
Hepliaklqana
Makhleb
Nemelex Xobeh
Okawaru
Qazlal
Ru
Trog
Uskayaw
Vehumet
Xom
Yredelemnul
Zin
The Shining One

Shops:
D:7 =

Annotations:
D:7 exclusion: statue


Innate Abilities, Weirdness & Mutations

You reflexively headbutt those who attack you in melee.
You have a pair of horns on your head.


Message History

Something hits you but does no damage. Something bites you but does no damage.
You barely miss something.
Unholy energy fills the air.
* * * LOW HITPOINT WARNING * * *
You hit something. You headbutt something. Something hits you.
* * * LOW HITPOINT WARNING * * *
Something bites you but does no damage.
Okay, then.
Something hits you!
* * * LOW HITPOINT WARNING * * *
You block something's attack.
You feel better. Something hits you but does no damage.
Something bites you but does no damage. You block something's attack.
Something barely misses you. Something hits you.
* * * LOW HITPOINT WARNING * * *
Something bites you.
* * * LOW HITPOINT WARNING * * *
Something draws strength from your injuries!
Something barely misses you. Something bites you!
You die...

#############
##.....≈g≈...#
##......≈≈≈.8.#
#..........8_8#
#####.......≈≈≈.8.#
#>...+......≈g≈...#
####.##.#.†..#########
#....<#.#....##....#
#.....#.......@..#
#........#######.#
###......#.......#
#.......#.#######
###...#####.#
#?.....))...########
#.##....$...........
#) #.############... .
#.


There were no monsters in sight!

Vanquished Creatures
  Pikel (D:6)
  2 hippogriffs (D:7)
  Eustachio (D:6)
  Sigmund (D:6)
  A hungry ghost (D:7)
  A slave (D:6)
  2 ice beasts
  An orc warrior (D:7)
  A necrophage (D:7)
  An eye of draining (D:8)
  3 ogres
  A centaur (D:5)
  2 bullfrogs
  A water moccasin zombie (D:6)
  2 scorpions (D:4)
  5 wights (D:7)
  3 crimson imps (D:7)
  A bullfrog zombie (D:7)
  5 orc wizards
  3 hounds
  A bullfrog skeleton (D:5)
  2 iguanas
  A worker ant (D:5)
  A hound zombie (D:7)
  A hound skeleton (D:5)
  A worker ant zombie (D:5)
  11 gnolls
  A howler monkey skeleton (D:5)
  9 adders
  An ooze (D:4)
  3 worms (D:3)
  3 dart slugs (D:1)
  3 leopard geckos
  20 orcs
  5 giant cockroaches
  11 hobgoblins
  10 jackals
  4 quokkas
  6 bats
  4 frilled lizards
  8 goblins
  8 kobolds
  A leopard gecko zombie (D:5)
  6 rats
159 creatures vanquished.

Notes
Turn   | Place    | Note
-------+----------+-------------------------------------------
     0 | D:1      | Krapule the Minotaur Fighter began the quest for the Orb.
     0 | D:1      | Reached XP level 1. HP: 19/19 MP: 0/0
   373 | D:1      | Reached XP level 2. HP: 27/27 MP: 1/1
   798 | D:1      | Reached XP level 3. HP: 33/33 MP: 2/2
  1133 | D:2      | Reached skill level 1 in Dodging
  1243 | D:2      | Reached XP level 4. HP: 13/40 MP: 3/3
  1608 | D:2      | Found a bloodstained altar of Trog.
  1789 | D:2      | Found a bloodstained altar of Trog.
  1979 | D:3      | Reached XP level 5. HP: 44/47 MP: 4/4
  2763 | D:4      | Reached skill level 5 in Armour
  2861 | D:4      | Reached XP level 6. HP: 52/55 MP: 5/5
  3286 | D:4      | Reached skill level 5 in Shields
  3454 | D:4      | Reached skill level 5 in Fighting
  3818 | D:5      | Entered Level 5 of the Dungeon
  3852 | D:5      | Reached XP level 7. HP: 55/61 MP: 6/6
  4018 | D:5      | Reached skill level 5 in Maces & Flails
  4596 | D:6      | Found a shattered altar of Ashenzari.
  4614 | D:6      | Noticed Eustachio
  4639 | D:6      | Killed Eustachio
  4639 | D:6      | Reached XP level 8. HP: 61/70 MP: 7/7
  4737 | D:6      | Noticed Sigmund
  4746 | D:6      | Killed Sigmund
  4761 | D:6      | Found a stormy altar of Qazlal.
  4782 | D:6      | Noticed Pikel
  4793 | D:6      | Killed Pikel
  4793 | D:6      | Reached skill level 5 in Dodging
  5395 | D:7      | Noticed a hippogriff
  5406 | D:7      | Killed a hippogriff
  5455 | D:7      | Reached XP level 9. HP: 52/79 MP: 8/8
  5517 | D:7      | Found a staircase to the Ecumenical Temple.
  5547 | Temple   | Entered the Ecumenical Temple
  5604 | Temple   | Became a worshipper of Cheibriados the Contemplative
  5703 | D:7      | Found a sacrificial altar of Ru.
  5793 | D:7      | Reached skill level 1 in Invocations
  5951 | D:7      | Found a radiant altar of Vehumet.
  6140 | D:7      | Reached * piety under Cheibriados
  6173 | D:7      | Found Pubag's Jewellery Shoppe.
  6419 | D:8      | Found an iron altar of Okawaru.
  6493 | D:8      | HP: 2/81 [something (9)]
  6502 | D:8      | Slain by a vampire

Skill      XL: |  1  2  3  4  5  6  7  8  9 |
---------------+----------------------------+-----
Maces & Flails | 3 4 5 |  5.0
Armour         | 4 5 6 7 8 |  8.9
Fighting       | 4 5 6 7 8 |  8.4
Dodging        | 1 2 3 4 5 6 |  6.7
Shields        | 4 5 6 7 8 |  8.5
Invocations    | 2 |  2.8

Action                   |  1- 3 |  4- 6 |  7- 9 || total
-------------------------+-------+-------+-------++-------
Melee: Flail             |    31 |       |       ||    31
       Headbutt          |    13 |    54 |    75 ||   142
       Whip              |    69 |   246 |   239 ||   554
       Mace              |       |       |    84 ||    84
  Use: Scroll            |       |     3 |     3 ||     6
       Potion            |       |       |     1 ||     1
  Eat: Chunk             |     1 |     7 |    11 ||    19
       Fruit             |       |       |     1 ||     1
Armor: Scale mail        |    35 |    65 |    24 ||   124
       Plate armour      |       |       |    49 ||    49
Dodge: Dodged            |    30 |    66 |   126 ||   222
Block: Shield            |    33 |   109 |   147 ||   289
